 Dungeon Crawl Stone Soup version 0.31-a0-835-g2a3a5bc3be (webtiles) character file.

Game seed: 18011456760846536068

1521658 Mindmass the Meteorologist (level 27, 163/163 HPs)
             Began as a Human Conjurer on Sept 25, 2023.
             Was the Champion of Hepliaklqana.
             Escaped with the Orb
             ... and 3 runes on Sept 26, 2023!
             The game lasted 06:53:56 (84179 turns).

Mindmass the Meteorologist (Human Conjurer)        Turns: 84179, Time: 06:53:57

Health: 163/163    AC: 16    Str:  5    XL:     27
Magic:  50/50      EV: 17    Int: 40    God:    Hepliaklqana [******]
Gold:   5270       SH: 16    Dex: 14    Spells: 11/54 levels left

rFire   + + +        c - staff of air
rCold   + + +        u - +2 shield of Resistance {rF++ rC++ Will++}
rNeg    . . .        Z - +2 robe {Will+}
rPois   +            N - +2 hat {Will+}
rElec   +            H - +2 cloak {Stlth+}
rCorr   .            f - +2 pair of gloves {Stlth+}
SInv    .            J - +1 pair of boots of Teryvel {rElec rPois rC+ Regen+}
Will    +++++        K - amulet of magic regeneration
Stlth   ++           W - ring of wizardry
HPRegen 1.27/turn    s - ring "Qead" {rF+ MP+9 Str-4 Int+6 Dex+3}
MPRegen 0.72/turn

%: wizardry (x1)
@: studying Ice Magic
A: reduced essence, hooves 1, clever 1, frail 1, screaming 1, no potion heal 1,
subdued magic 1, inability to drink after injury 1
0: Orb of Zot
}: 3/15 runes: decaying, serpentine, slimy
a: Renounce Religion, Recall Ancestor, Ancestor Identity, Transference, Idealise


You escaped.
You worshipped Hepliaklqana.
Hepliaklqana was exalted by your worship.
You visited 10 branches of the dungeon, and saw 50 of its levels.
You also visited: Ice Cave and Wizlab.

You collected 10856 gold pieces.
You spent 5586 gold pieces at shops.

Inventory:

Armour
 f - a +2 pair of gloves of stealth (worn)
 j - a +3 buckler of reflection
 u - the +2 shield of Resistance (worn) {rF++ rC++ Will++}
   (You bought it in a shop on level 3 of the Snake Pit)

   rF++:      It greatly protects you from fire.
   rC++:      It greatly protects you from cold.
   Will++:    It greatly increases your willpower.
 H - a +2 cloak of stealth (worn)
 J - the +1 pair of boots of Teryvel (worn) {rElec rPois rC+ Regen+}
   (You found it on level 1 of the Realm of Zot)

   rC+:       It protects you from cold.
   rElec:     It insulates you from electricity.
   rPois:     It protects you from poison Regen+: It increases your rate of
   health regeneration.
 M - a +2 robe of fire resistance
 N - a +2 hat of willpower (worn)
 Y - a +2 pair of boots of flying
 Z - a +2 robe of willpower (worn)
Magical Staves
 c - a staff of air (weapon)
Jewellery
 s - the ring "Qead" (right hand) {rF+ MP+9 Str-4 Int+6 Dex+3}
   (You bought it in a shop on level 6 of the Dungeon)

   [ring of intelligence]

   Str-4:     It affects your strength (-4).
   Int+6:     It affects your intelligence (+6).
   Dex+3:     It affects your dexterity (+3).
   rF+:       It protects you from fire.
   MP+9:      It affects your magic capacity (+9).
 z - a ring of see invisible
 K - an amulet of magic regeneration (around neck)
 W - a ring of wizardry (left hand)
Wands
 a - a wand of flame (84)
 b - a wand of digging (3)
 y - a wand of iceblast (61)
 B - a wand of polymorph (23)
 E - a wand of acid (40)
 R - a wand of mindburst (28)
 V - a wand of charming (56)
Scrolls
 k - 10 scrolls of teleportation
 o - 4 scrolls of amnesia
 p - 11 scrolls of vulnerability
 q - 8 scrolls of fear
 x - 5 scrolls of immolation
 A - 5 scrolls of poison
 D - 3 scrolls of enchant armour
 P - 4 scrolls of revelation
 Q - 3 scrolls of fog
 U - 17 scrolls of identify
 X - 3 scrolls of silence
Potions
 e - 4 potions of magic
 g - 4 potions of might
 i - a potion of heal wounds
 l - 4 potions of brilliance
 m - 12 potions of lignification
 n - 3 potions of mutation
 r - 5 potions of invisibility
 t - a potion of resistance
 v - 9 potions of enlightenment
 w - 7 potions of ambrosia
 C - 14 potions of curing
 I - 6 potions of attraction
 L - 6 potions of berserk rage
 S - 2 potions of cancellation
 T - 8 potions of haste
Miscellaneous
 F - a phantom mirror


   Skills:
 - Level 14.0 Fighting
 - Level 9.0 Armour
 - Level 14.0 Dodging
 - Level 2.0 Stealth
 + Level 18.0 Shields
 - Level 14.0 Spellcasting
 - Level 23.0 Conjurations
 - Level 4.0 Hexes
 - Level 4.0 Translocations
 - Level 14.0 Fire Magic
 O Level 27 Air Magic
 - Level 4.0 Invocations


You had 11 spell levels left.
You knew the following spells:

 Your Spells              Type           Power      Damage    Failure   Level
a - Magic Dart            Conj           100%       1d8       0%          1
b - Searing Ray           Conj           100%       2d8       0%          2
c - Fulminant Prism       Conj/Hex       40%        3d19      1%          4
d - Iskenderun's Mystic   Conj/Tloc      81%        2d16      1%          4
e - Starburst             Conj/Fire      47%        6d13      1%          6
f - Plasma Beam           Fire/Air       61%        2x1d77    1%          6
g - Maxwell's Capacitive  Air            68%        ∞         1%          8
h - Chain Lightning       Conj/Air       66%        3d88      3%          9
i - Swiftness             Air            100%       N/A       0%          3

Your spell library contained the following spells:

 Spells                   Type           Power      Damage    Failure   Level
 Foxfire                  Conj/Fire      100%       2x1d9     0%          1
 Shock                    Conj/Air       100%       1d9       0%          1
 Poisonous Vapours        Pois/Air       100%       N/A       0%          2
 Static Discharge         Conj/Air       100%       2-7/arc   0%          2
 Dazzling Flash           Conj/Hex       100%       N/A       0%          3
 Mephitic Cloud           Conj/Pois/Air  100%       N/A       0%          3
 Airstrike                Air            68%        2d(10-26) 0%          4
 Sticky Flame             Conj/Fire      94%        2d10      0%          4
 Vhi's Electric Charge    Tloc/Air       100%       N/A       0%          4
 Arcjolt                  Conj/Air       66%        1d76      0%          5
 Fireball                 Conj/Fire      47%        3d19      0%          5
 Iskenderun's Battlesphe  Conj           100%       2d15      0%          5
 Conjure Ball Lightning   Conj/Air       66%        3x3d25    0%          6
 Freeze                   Ice            84%        1d9       1%          1
 Necrotise                Necr           84%        1d8       1%          1
 Sting                    Tmut/Pois      84%        1d7       1%          1
 Summon Small Mammal      Summ           84%        N/A       1%          1
 Call Imp                 Summ           42%        N/A       1%          2
 Ensorcelled Hibernation  Hex/Ice        66%        N/A       1%          2
 Jinxbite                 Hex            92%        N/A       1%          2
 Lesser Beckoning         Tloc           92%        N/A       1%          2
 Sublimation of Blood     Necr           21%        N/A       1%          2
 Gell's Gravitas          Tloc           46%        N/A       1%          3
 Hailstorm                Conj/Ice       75%        3d15      1%          3
 Ignite Poison            Fire/Tmut/Pois 50%        N/A       1%          3
 Inner Flame              Hex/Fire       67%        N/A       1%          3
 Sigil of Binding         Hex            46%        N/A       1%          3
 Stone Arrow              Conj/Erth      100%       3d13      1%          3
 Teleport Other           Tloc           46%        N/A       1%          3
 Volatile Blastmotes      Fire/Tloc      100%       2d18      1%          3
 Brom's Barrelling Bould  Conj/Erth      75%        2d9       1%          4
 Dimensional Bullseye     Hex/Tloc       23%        N/A       1%          4
 Summon Lightning Spire   Summ/Air       100%       N/A       1%          4
 Irradiate                Conj/Tmut      37%        3d24      1%          5
 Silence                  Hex/Air        54%        N/A       1%          5
 Orb of Destruction       Conj           52%        9d13      1%          7
 Call Canine Familiar     Summ           21%        N/A       2%          3
 Frozen Ramparts          Ice            42%        1d7       2%          3
 Vampiric Draining        Necr           21%        2d7       2%          3
 Anguish                  Hex/Necr       16%        N/A       4%          4
 Leda's Liquefaction      Hex/Erth       16%        N/A       4%          4
 Animate Armour           Summ/Erth      42%        N/A       9%          4
 Olgreb's Toxic Radiance  Pois           21%        N/A       9%          4
 Petrify                  Tmut/Erth      21%        N/A       9%          4
 Summon Ice Beast         Ice/Summ       21%        N/A       9%          4
 Summon Forest            Summ/Tloc      16%        N/A       12%         5
 Summon Mana Viper        Hex/Summ       33%        N/A       12%         5
 Yara's Violent Unravell  Hex/Tmut       16%        3d8       12%         5
 Ignition                 Fire           41%        3d12      21%         8
 Agony                    Necr           21%        N/A       26%         5
 Lee's Rapid Deconstruct  Erth           10%        3d8*      26%         5
 Fire Storm               Conj/Fire      47%        8d12      43%         9
 Lehudib's Crystal Spear  Conj/Erth      37%        10d9      47%         8
 Eringya's Noxious Bog    Tmut/Pois      10%        4d6       80%         6
 Simulacrum               Ice/Necr       10%        N/A       80%         6
 Summon Cactus Giant      Summ           10%        N/A       80%         6
 Enfeeble                 Hex            23%        N/A       82%         7
 Ozocubu's Refrigeration  Ice            10%        4d9       100%        7
 Summon Hydra             Summ           10%        N/A       100%        7
 Polar Vortex             Ice            10%        12d1*     100%        9
 Shatter                  Erth           10%        3d12*     100%        9


Dungeon Overview and Level Annotations

Branches:
Dungeon (15/15)            Temple (0/1) D:7            Lair (5/5) D:8
  Swamp (4/4) Lair:3        Snake (4/4) Lair:2        Slime (5/5) Lair:4
    Orc (2/2) D:11            Elf (2/3) Orc:2        Vaults (4/5) D:13
  Crypt (0/3) Vaults:3     Depths (4/4) D:15            Zot (5/5) Depths:4
  IceCv (visited)          WizLab (visited)

Altars:
Ashenzari
Cheibriados
Dithmenos
Elyvilon
Fedhas
Gozag
Hepliaklqana
Kikubaaqudgha
Nemelex Xobeh
Okawaru
Qazlal
Sif Muna
Uskayaw
Vehumet
Xom
Yredelemnul
The Shining One
Jiyva

Shops:
D:1 [(?   D:2 *   D:6 (=(   D:9 :   D:14 **   D:15 =   Orc:2 ?[!((   Elf:2 *
Snake:2 !   Snake:3 ::[?

Portals:
Hell: Depths:1 Depths:2 Depths:3 Depths:4
Abyss: Depths:2 Depths:3 Depths:4
Pandemonium: Depths:2 Depths:4
Ziggurat: Depths:2
Trove: Depths:2 (give 4 potions of resistance)

Annotations:
Snake:4 2 transporters, GordonOverkill's ghost, adept DsDe
Elf:1 7 runed translucent doors, Loit's ghost, adept GrFi
Elf:2 3 runed translucent doors
Depths:1 exclusion: downstairs
Depths:2 3 transporters, 1 exclusion, Vruhak's ghost, veteran TeGl
Depths:3 3 runed translucent doors, Joepramp's ghost, veteran DjFE
Zot:1 1 exclusion
Zot:3 1 runed translucent door, Kapop's ghost, legendary GrMo
Zot:4 2 transporters, exclusion: orange crystal statue, Beshis's ghost, legendary FoHu; Ryuz's ghost, legendary MeVM
Zot:5 1 runed translucent door, schaIuck's ghost, master GrEE


Innate Abilities, Weirdness & Mutations

Your life essence is reduced to manifest your ancestor. (-10% HP)
You have large cloven feet.
Your mind is acute. (Int +4, Str/Dex -1)
You are frail. (-10% HP)
You occasionally shout uncontrollably at your foes.
Potions are less effective at restoring your health.
Your spells are a little easier to cast, but a little less powerful.
You occasionally lose the ability to drink potions when taking damage.


Message History

(Press . to continue charging.)
You feel charge building up...
You feel charge building up... The hellion gestures at you.
The sphere of damnation explodes!
The damnation engulfs you!!
You feel charge building up...
The electricity discharges through the hellion!!!
The hellion vaporises in an electric haze!
You kill the hellion!
Your Shields skill increases to level 18!
What level of the Dungeon? (default 1, ? - help)
There is a stone staircase leading up here.
You climb upwards.
There is a stone staircase leading down here.
Magic restored.
HP restored.
There is a faded altar of an unknown god here.
There is a stone staircase leading up here.
You climb upwards.
There is a stone staircase leading down here.
A hellion comes into view.
There is a stone staircase leading up here.
The hellion gestures at you.
The sphere of damnation explodes!
The damnation engulfs you!
The damnation engulfs Publius!!
You climb upwards.
There is a stone staircase leading down here.
What level of the Dungeon? (default 1, ? - help)
Okay, then.
You see here a +0 dagger.
HP restored.
You see here a +0 club.
There is a stone staircase leading down here.
Ancestor HP restored.
There is a fountain of clear blue water here.
A shadow demon comes into view.
The shadow demon moves out of view.
There is an open door here.
There is a staircase leading out of the dungeon here.
You have escaped!

############
#..........#
#..#######.#
########..##### #.#
#.....##..##..# #.##
#..@R.'...##..###...
#.....##..##..##....
########...'..##....
###########..##..####..
#............##..# #..
#..........⌠.##..# #.#
#.########...##### ##.#
#.## ###...#######...
#..#####...............


You could see the friendly Publius the knight (reflecting).

Vanquished Creatures
  the Royal Jelly (Slime:5)
  Dissolution (Slime:3)
  3 dread liches (Zot:5)
  2 ancient liches (Zot:5)
  4 orbs of fire
  Mara (Depths:1)
  A juggernaut (Depths:3)
  Sojobo (Vaults:2)
  Vashnia (Snake:3)
  11 Killer Klowns (Zot:5)
  Parghit (Depths:3)
  2 caustic shrikes (Depths:3)
  4 curse toes
  Nikola (Swamp:1)
  5 golden dragons
  6 electric golems
  2 walking crystal tomes (Depths:3)
  Rupert (D:12)
  An Ice Fiend (D:4)
  29 Orb Guardians
  18 tentacled monstrosities
  Jorgrun (D:13)
  A walking earthen tome (Depths:2)
  A titan (Depths:3)
  4 liches
  A walking frostbound tome (Depths:3)
  Asterion (Snake:3)
  A Hell Sentinel (D:9)
  17 acid blobs
  8 quicksilver dragons
  Gastronok (Lair:2)
  An Executioner (D:7)
  4 sphinxes
  13 death cobs
  An acid blob (shapeshifter) (Depths:3)
  2 thorn hunters
  11 storm dragons
  Aizul (Snake:4)
  3 tengu reavers
  18 azure jellies
  5 draconian monks
  Donald (Swamp:2)
  6 shadow dragons
  7 draconian knights
  4 nagarajas
  17 frost giants
  10 fire giants
  A deep elf sorcerer (Elf:1)
  12 rockslimes
  2 ghost moths (Zot:5)
  A deep elf elementalist (Elf:2)
  2 balrugs
  3 draconian scorchers
  3 ghouls (Swamp:3)
  11 vault wardens
  A spriggan defender (Depths:3)
  A draconian annihilator (Zot:2)
  21 very ugly things
  15 ironbound preservers
  A reaper (Depths:2)
  2 draconian stormcallers
  11 draconian shifters
  2 cacodemons
  A demonspawn blood saint (D:7)
  16 quicksilver oozes
  2 orc warlords (Vaults:4)
  4 vampire knights
  2 deep elf demonologists
  2 eleionomae
  15 ironbound thunderhulks
  15 stone giants
  4 purple draconians
  15 black draconians
  11 dire elephants
  10 yellow draconians
  4 spark wasps
  13 green draconians
  10 red draconians
  9 white draconians
  5 bunyips
  8 ettins
  11 fire dragons
  A blizzard demon (D:15)
  10 yaktaur captains
  2 entropy weavers
  3 jiangshi (Depths:2)
  The ghost of Mindmass the Destroyer, a journeyman HuCj of Hepliaklqana (Lair:4)
  4 great orbs of eyes
  3 deep elf high priests (Elf:1)
  2 shambling mangroves
  6 ice dragons
  16 hydras
  3 rakshasas
  A sphinx zombie (Depths:3)
  8 vault guards
  A ghost crab (Swamp:1)
  7 spriggan air magi
  An ogre mage (D:15)
  4 salamander tyrants (Snake:4)
  The ghost of Uckausch the Basher, a novice TrBe of Trog (D:11)
  A jorogumo (shapeshifter) (Depths:3)
  6 centaur warriors
  14 two-headed ogres
  A death knight (D:14)
  4 ironbound frosthearts
  12 alligators
  13 dancing weapons
  13 anacondas
  Erica (D:8)
  13 death yaks
  2 deep troll shamans
  4 boulder beetles
  8 naga warriors
  2 vampire magi
  3 deep troll earth magi
  4 orc high priests
  3 tengu warriors
  6 spriggan berserkers
  10 hell knights
  21 naga sharpshooters
  13 deep elf knights
  4 spriggans
  2 sun demons
  3 shock serpents
  A fire crab (Swamp:4)
  3 soul eaters
  Sonja (D:12)
  7 iron trolls
  2 sixfirhies
  2 goliath frogs
  A death drake (Swamp:3)
  Amaemon (D:9)
  Nergalle (Lair:1)
  4 salamander mystics
  A skeletal warrior (D:13)
  2 skysharks (Lair:5)
  5 bog bodies
  9 glowing orange brains
  12 naga ritualists
  A deep troll (shapeshifter) (Vaults:3)
  55 deep trolls
  7 deep elf archers
  10 swamp dragons
  2 spectral hydras (Lair:4)
  A golden dragon skeleton (Depths:3)
  12 lindwurms
  An orange crystal statue (IceCv)
  5 necromancers
  7 wizards
  10 ironbound convokers
  10 mana vipers
  Pikel (D:8)
  13 deep elf pyromancers
  16 deep elf zephyrmancers
  7 shining eyes
  An orc sorcerer (Elf:2)
  12 orc knights
  2 cyclopes (shapeshifter)
  12 salamanders
  37 ugly things
  3 phantasmal warriors
  33 moths of wrath
  3 cyclopes
  A frost giant zombie (Depths:3)
  A manticore (D:12)
  3 will-o-the-wisps
  A moth of wrath (shapeshifter) (Depths:4)
  21 elephants
  20 naga magi
  Maurice (D:9)
  7 guardian serpents
  22 vault sentinels
  A gargoyle (D:12)
  4 torpor snails (Lair:5)
  37 black mambas
  3 orange demons
  7 spectral spriggans (Swamp:3)
  7 cane toads
  2 rime drakes (Lair:5)
  3 eyes of devastation
  Maggie (D:9)
  2 unseen horrors
  Jeremiah (D:8)
  A kobold demonologist (D:12)
  5 freezing wraiths
  8 komodo dragons
  3 centaur skeletons (D:13)
  A hellion (D:4)
  20 yaktaurs
  An ice devil (Depths:2)
  A tormentor (Zot:1)
  8 efreet
  4 tengu conjurers
  2 hellwings
  2 red devils
  A merfolk (shapeshifter) (Depths:2)
  6 tyrant leeches
  A polar bear (Lair:3)
  5 bloated husks
  8 trolls
  15 hornets
  18 blink frogs
  8 dream sheep (Lair:5)
  A fire giant simulacrum (Depths:3)
  105 slime creatures
  2 air elementals
  A yak (shapeshifter) (Elf:1)
  A ynoxinul (Depths:2)
  A centaur simulacrum (D:14)
  50 yaks
  A shadow (D:12)
  5 wraiths
  3 water elementals
  3 wyverns
  4 fire bats (Depths:1)
  3 basilisks
  A chaos spawn (Depths:2)
  A hog (shapeshifter) (D:9)
  12 vampire mosquitoes
  3 golden eyes (Slime:1)
  5 steam dragons
  2 fire elementals
  2 neqoxecs
  A redback (shapeshifter) (D:14)
  A redback (Vaults:3)
  45 nagas
  Menkaure (D:7)
  13 swamp worms
  An acid dragon (D:9)
  8 swamp drakes
  A glowing shapeshifter skeleton (Depths:3)
  12 water moccasins
  A floating eye (Slime:2)
  2 sky beasts (D:8)
  4 black bears
  A black bear (shapeshifter) (Depths:1)
  34 orc warriors
  3 ice beasts
  3 great orb of eyes simulacra (IceCv)
  13 ogres
  A boggart (D:13)
  22 wolves
  2 lemures (D:8)
  A slime creature simulacrum (IceCv)
  11 bullfrogs
  6 kobold brigands
  3 earth elementals
  4 glowing shapeshifter simulacra
  A scorpion (D:5)
  12 wights
  14 killer bees
  9 electric eels
  6 howler monkeys
  3 hounds
  2 komodo dragon simulacra (Lair:4)
  A jelly (D:8)
  21 orc priests
  A fire crab simulacrum (Lair:4)
  A gnoll bouda (D:5)
  2 sleepcaps
  2 iguanas
  37 orc wizards
  A lightning spire (Zot:2)
  10 gnolls
  13 adders
  2 shadow imps (D:8)
  2 white imps (D:14)
  3 ufetubi
  5 worms (D:2)
  3 dart slugs
  77 orcs
  7 ball pythons
  11 endoplasms
  5 giant cockroaches
  10 hobgoblins
  10 jackals
  6 quokkas
  5 bats
  9 frilled lizards
  8 goblins
  16 kobolds
  4 rats
  6 fulminant prisms
  A spectral weapon (Snake:3)
2021 creatures vanquished.

Vanquished Creatures (collateral kills)
  A tentacled monstrosity (Zot:1)
  Mlioglotl (Snake:3)
  3 death cobs
  A tengu reaver (Vaults:2)
  A storm dragon (Zot:2)
  A rockslime (Slime:4)
  A frost giant (Zot:2)
  A fenstrider witch (Swamp:1)
  2 azure jellies
  A fire giant (Depths:3)
  A vault warden (Vaults:2)
  A balrug (Depths:1)
  3 ironbound preservers
  5 quicksilver oozes
  A stone giant (Depths:2)
  A draconian annihilator (Zot:2)
  2 very ugly things (Depths:2)
  An eleionoma (Swamp:2)
  A red draconian (Zot:4)
  3 dire elephants
  A black draconian (Zot:3)
  A purple draconian (Zot:2)
  2 spark wasps (Depths:3)
  Josephine (D:11)
  A great orb of eyes (Slime:1)
  An ice dragon (Depths:2)
  A fire dragon (Depths:4)
  A salamander tyrant (Snake:4)
  A vault guard (Vaults:2)
  A centaur warrior (Vaults:1)
  A hydra (shapeshifter) (Depths:2)
  A catoblepas (Lair:3)
  A boulder beetle (D:14)
  A hydra (Swamp:1)
  2 spriggan air magi (Depths:3)
  An anaconda (Snake:2)
  A two-headed ogre (Zot:2)
  A dancing weapon (Elf:1)
  A tengu warrior (Depths:3)
  A naga sharpshooter (Snake:3)
  2 orc high priests (Orc:2)
  2 shock serpents
  3 sun demons
  A hell knight (Depths:4)
  A deep elf knight (D:13)
  A salamander mystic (Snake:4)
  A sixfirhy (D:7)
  A skeletal warrior (D:14)
  An iron troll (Depths:4)
  A spriggan druid (Swamp:1)
  A deep troll (shapeshifter) (Elf:1)
  A glowing orange brain (Vaults:4)
  18 slime creatures
  9 deep trolls
  2 ironbound convokers
  A wizard (Vaults:2)
  2 deep elf archers
  A deep elf pyromancer (Elf:2)
  3 ugly things
  2 cyclopes
  A shining eye (Slime:4)
  2 salamanders
  A will-o-the-wisp (Swamp:2)
  5 black mambas
  A moth of wrath (Zot:5)
  2 elephants (Lair:2)
  A vault sentinel (Vaults:2)
  A molten gargoyle (Depths:1)
  2 torpor snails (Lair:5)
  A centaur skeleton (D:13)
  A gargoyle (D:10)
  7 cane toads
  An orange demon (D:7)
  A freezing wraith (D:14)
  A kobold demonologist (D:12)
  Psyche (D:12)
  An efreet (Zot:2)
  3 komodo dragons
  A rime drake (Lair:4)
  2 trolls
  2 tyrant leeches (Lair:5)
  3 hornets
  Prince Ribbit (D:8)
  6 blink frogs
  A centaur simulacrum (D:14)
  A shadow (D:10)
  3 wraiths (D:11)
  A water elemental (D:14)
  2 wyverns
  14 yaks
  A steam dragon (Swamp:4)
  2 acid dragons
  A warg (Orc:1)
  4 water moccasins
  A swamp drake (Swamp:4)
  A black bear (D:8)
  7 orc warriors
  A black mamba simulacrum (Lair:4)
  An ogre (Orc:1)
  4 great orb of eyes simulacra (IceCv)
  8 wolves
  A lemure (D:8)
  2 kobold brigands (D:13)
  8 bullfrogs
  2 gnoll sergeants
  2 glowing shapeshifter simulacra (IceCv)
  A scorpion (D:7)
  A wight (D:10)
  A killer bee (D:10)
  2 electric eels
  A howler monkey (D:12)
  7 orc priests
  A gnoll bouda (D:8)
  4 orc wizards
  A gnoll (Orc:1)
  4 adders (Lair:4)
  A white imp (D:14)
  17 orcs
  3 butterflies
268 creatures vanquished.

Vanquished Creatures (others)
  2 stone giants
  A yaktaur captain (Vaults:2)
  A centaur warrior (D:15)
  A deep troll (Zot:2)
  A deep elf archer (Elf:2)
  A deep elf pyromancer (Elf:2)
  A black mamba (Snake:1)
  A bloated husk (Swamp:3)
  A water elemental (Elf:1)
  A steam dragon (Swamp:4)
  A swamp drake (Swamp:4)
  An ogre (Zot:2)
  28 knights
  2 ancestors (D:7)
  16 foxfires
  479 fulminant prisms
538 creatures vanquished.

Grand Total: 2827 creatures vanquished

Notes
Turn   | Place    | Note
-------+----------+-------------------------------------------
     0 | D:1      | Mindmass the Human Conjurer began the quest for the Orb.
     0 | D:1      | Reached XP level 1. HP: 13/13 MP: 3/3
   266 | D:1      | Reached XP level 2. HP: 19/19 MP: 1/5
   495 | D:1      | Learned a level 2 spell: Searing Ray
   578 | D:1      | Found Jism's Weapon Boutique.
   632 | D:1      | Reached XP level 3. HP: 24/24 MP: 3/7
   757 | D:1      | Found Hesucuir's Antique Armour Emporium.
   858 | D:1      | Found Reqeq's Magic Scroll Emporium.
  1563 | D:2      | Reached XP level 4. HP: 30/30 MP: 2/9
  1758 | D:2      | Found Eciynwetuy's Assorted Antiques.
  2201 | D:2      | Reached XP level 5. HP: 35/35 MP: 7/11
  2303 | D:2      | Reached skill level 5 in Conjurations
  3030 | D:3      | Found a faded altar of an unknown god.
  3226 | D:3      | Reached XP level 6. HP: 41/41 MP: 8/12
  4134 | D:4      | Found an iron altar of Okawaru.
  4284 | D:4      | Found a shadowy altar of Dithmenos.
  4864 | D:4      | Noticed a black bear
  4870 | D:4      | Killed a black bear
  4871 | D:4      | Reached XP level 7. HP: 46/46 MP: 6/13
  5140 | D:4      | Found a hazy altar of Hepliaklqana.
  5140 | D:4      | Found a blossoming altar of Fedhas.
  5142 | D:4      | Found a basalt altar of Yredelemnul.
  5145 | D:4      | Became a worshipper of Hepliaklqana the Forgotten
  5168 | D:5      | Entered Level 5 of the Dungeon
  5420 | D:5      | Found a hide-covered altar of Uskayaw.
  5420 | D:5      | Found a sparkling altar of Nemelex Xobeh.
  6017 | D:5      | Reached XP level 8. HP: 52/52 MP: 4/14
  6093 | D:5      | Found a white marble altar of Elyvilon.
  6151 | D:5      | Found a snail-covered altar of Cheibriados.
  6192 | D:5      | Found a radiant altar of Vehumet.
  6436 | D:6      | Found a broken altar of Ashenzari.
  6670 | D:6      | Reached skill level 1 in Hexes
  6886 | D:6      | Reached skill level 1 in Translocations
  7240 | D:6      | Reached * piety under Hepliaklqana
  7442 | D:6      | Found Molonea's Weapon Shop.
  7443 | D:6      | Found Usott's Jewellery Shop.
  7445 | D:6      | Found Inkatih's Antique Weapon Shop.
  7522 | D:6      | Reached XP level 9. HP: 45/51 MP: 6/15
  8011 | D:6      | Learned a level 4 spell: Fulminant Prism
  8016 | D:6      | Learned a level 4 spell: Iskenderun's Mystic Blast
  8530 | D:7      | Found a staircase to the Ecumenical Temple.
  8663 | D:7      | Noticed Menkaure
  8667 | D:7      | Killed Menkaure
  8668 | D:7      | Reached skill level 10 in Conjurations
  8738 | D:7      | Reached ** piety under Hepliaklqana
  8739 | D:7      | Remembered your ancestor Publius as a knight
  9021 | D:7      | Identified the +8 halberd "Qekkir" {spect, *Rage rN+ Will++
                  | rCorr}
  9123 | D:8      | Noticed a hornet
  9124 | D:8      | Noticed a two-headed ogre
  9130 | D:8      | Killed a hornet
  9343 | D:7      | Killed a two-headed ogre
  9344 | D:7      | Reached XP level 10. HP: 56/56 MP: 3/16
  9488 | D:8      | Noticed Jeremiah
  9541 | D:8      | Killed Jeremiah
 10322 | D:8      | Noticed Prince Ribbit
 10327 | D:8      | Killed Prince Ribbit
 10499 | D:8      | Found a transporter.
 10582 | D:8      | Noticed a purple ugly thing
 10601 | D:8      | Killed a purple ugly thing
 10602 | D:8      | Reached skill level 1 in Shields
 10660 | D:8      | Noticed a centaur warrior
 10668 | D:8      | Killed a centaur warrior
 10669 | D:8      | Reached XP level 11. HP: 45/61 MP: 8/17
 11072 | D:8      | Noticed Pikel
 11080 | D:8      | Noticed a two-headed ogre
 11086 | D:8      | Killed Pikel
 11092 | D:8      | Killed a two-headed ogre
 11297 | D:8      | Noticed Erica
 11308 | D:8      | Killed Erica
 11385 | D:8      | Noticed a two-headed ogre
 11390 | D:8      | Killed a two-headed ogre
 11469 | D:8      | Found a staircase to the Lair.
 11480 | D:8      | Found a transporter.
 11506 | D:8      | Found a transporter.
 11541 | D:8      | Found a transporter.
 12278 | D:9      | Noticed a cyclops
 12278 | D:9      | Noticed a white ugly thing
 12279 | D:9      | Noticed a cyclops
 12301 | D:9      | Noticed Maurice
 12308 | D:9      | Killed Maurice
 12309 | D:9      | Reached skill level 5 in Spellcasting
 12585 | D:9      | Noticed a two-headed ogre
 12596 | D:9      | Killed a two-headed ogre
 12712 | D:9      | Noticed Amaemon
 12718 | D:9      | Killed Amaemon
 12899 | D:9      | Found Dainuyha's Book Boutique.
 12907 | D:9      | Reached XP level 12. HP: 74/74 MP: 13/22
 12970 | D:9      | Bought a book of Fire for 416 gold pieces
 13036 | D:9      | Reached *** piety under Hepliaklqana
 13040 | D:9      | Noticed Maggie
 13055 | D:9      | Killed Maggie
 13252 | D:9      | Noticed a centaur warrior
 13316 | D:9      | Found a transporter.
 13316 | D:9      | Found a transporter.
 13505 | Lair:1   | Entered Level 1 of the Lair of Beasts
 13532 | Lair:1   | Reached skill level 1 in Fire Magic
 13933 | Lair:1   | Reached skill level 5 in Fire Magic
 14384 | Lair:1   | Noticed Nergalle
 14399 | Lair:1   | Killed Nergalle
 15424 | Lair:2   | Reached XP level 13. HP: 73/79 MP: 11/25
 15492 | Lair:2   | Noticed Gastronok
 15503 | Lair:2   | Killed Gastronok
 15504 | Lair:2   | Reached skill level 10 in Fire Magic
 15829 | Lair:2   | Reached **** piety under Hepliaklqana
 16319 | Lair:2   | Found a staircase to the Snake Pit.
 16622 | Lair:2   | Found a snail-covered altar of Cheibriados.
 16999 | Lair:3   | Noticed a catoblepas
 17013 | Lair:3   | Killed a catoblepas
 17146 | Lair:3   | Learned a level 6 spell: Starburst
 17164 | Lair:3   | Found a staircase to the Swamp.
 17234 | Lair:3   | Noticed a seven-headed hydra
 17241 | Lair:3   | Killed a seven-headed hydra
 17306 | Lair:3   | Reached XP level 14. HP: 85/85 MP: 17/26
 17866 | Lair:4   | Reached skill level 5 in Dodging
 17951 | Lair:4   | Identified the +2 flail "Dapni" {heavy, rElec Str+3 Dex-5
                  | SInv}
 17998 | Lair:4   | Found a viscous altar of Jiyva.
 17998 | Lair:4   | Found a staircase to the Slime Pits.
 18033 | Lair:4   | Reached ***** piety under Hepliaklqana
 18308 | Lair:4   | Found a runed translucent gate.
 18308 | Lair:4   | Found a runed translucent gate.
 18308 | Lair:4   | Found a runed translucent gate.
 18313 | Lair:4   | Noticed Mindmass's ghost (journeyman HuCj)
 19566 | D:1      | Bought a pair of embroidered boots for 210 gold pieces
 19566 | D:1      | Bought a glowing robe for 103 gold pieces
 19684 | D:10     | Entered Level 10 of the Dungeon
 19873 | D:10     | Reached skill level 5 in Fighting
 20231 | D:10     | Paralysed by a hornet for 3 turns
 20964 | D:11     | Noticed Josephine
 20970 | D:11     | Killed Josephine
 21231 | D:11     | Found a runed translucent door.
 21233 | D:11     | Identified the +7 trident of Red Wine {flame, Int+3 Stlth+}
 21233 | D:11     | Noticed Uckausch's ghost (novice TrBe)
 21238 | D:11     | Found a staircase to the Orcish Mines.
 21513 | D:12     | Reached XP level 15. HP: 99/99 MP: 18/27
 21528 | D:12     | Noticed Sonja
 21591 | D:12     | Killed Sonja
 21727 | D:12     | Noticed Rupert
 21729 | D:12     | Noticed Psyche
 21916 | D:12     | Killed Psyche
 22158 | D:12     | Killed Rupert
 22159 | D:12     | Reached skill level 5 in Armour
 22790 | D:13     | Reached skill level 1 in Air Magic
 22892 | D:13     | Reached skill level 2 in Air Magic
 23141 | D:13     | Reached skill level 3 in Air Magic
 23209 | D:13     | Reached skill level 4 in Air Magic
 23267 | D:13     | Reached skill level 5 in Air Magic
 23674 | D:13     | Reached skill level 6 in Air Magic
 23726 | D:13     | Reached ****** piety under Hepliaklqana
 23785 | D:13     | Found a gate to the Vaults.
 24012 | D:13     | Noticed Jorgrun
 24022 | D:13     | Killed Jorgrun
 24344 | D:14     | Reached skill level 7 in Air Magic
 24549 | D:14     | Noticed an azure jelly
 24553 | D:14     | Killed an azure jelly
 24629 | D:14     | Found a frozen archway.
 24638 | IceCv    | Entered an ice cave
 24656 | IceCv    | Noticed a quicksilver ooze
 24668 | IceCv    | Killed a quicksilver ooze
 24669 | IceCv    | Reached skill level 8 in Air Magic
 24767 | IceCv    | Noticed a quicksilver ooze
 24770 | IceCv    | Killed a quicksilver ooze
 24805 | IceCv    | Noticed a quicksilver ooze
 24810 | IceCv    | Killed a quicksilver ooze
 24846 | IceCv    | Got an engraved book
 24933 | IceCv    | Reached skill level 9 in Air Magic
 25037 | IceCv    | Noticed a quicksilver ooze
 25040 | IceCv    | Killed a quicksilver ooze
 25048 | IceCv    | Noticed an azure jelly
 25051 | IceCv    | Noticed a quicksilver ooze
 25051 | IceCv    | Killed an azure jelly
 25056 | IceCv    | Killed a quicksilver ooze
 25057 | IceCv    | Reached XP level 16. HP: 108/108 MP: 11/28
 25143 | IceCv    | Noticed a rockslime
 25268 | IceCv    | Learned a level 6 spell: Plasma Beam
 25417 | IceCv    | Noticed an azure jelly
 25429 | IceCv    | Killed an azure jelly
 25430 | IceCv    | Reached skill level 10 in Air Magic
 25483 | IceCv    | Killed a rockslime
 25549 | IceCv    | Found a viscous altar of Jiyva.
 25567 | IceCv    | Identified the ring of Pashuhota {rPois Dex+5 Slay+3}
 25888 | D:14     | Found a shimmering blue altar of Sif Muna.
 25906 | D:14     | Got a fusty book
 26391 | D:14     | Found Duisaf's General Store.
 26391 | D:14     | Found Xoloruz's Specific Store.
 26396 | D:14     | Reached skill level 11 in Air Magic
 26772 | Orc:1    | Entered Level 1 of the Orcish Mines
 27496 | Orc:2    | Entered Level 2 of the Orcish Mines
 27626 | Orc:2    | Found a staircase to the Elven Halls.
 27915 | Orc:2    | Reached skill level 12 in Air Magic
 28563 | Orc:2    | Found Utusug's Distillery.
 28566 | Orc:2    | Found Xificvil's Antique Weapon Boutique.
 28567 | Orc:2    | Found Buseryet's Antique Armour Shop.
 28568 | Orc:2    | Found Litymn's Weapon Shop.
 28722 | Orc:2    | Found Hearphid's Magic Scroll Boutique.
 29213 | Swamp:1  | Entered Level 1 of the Swamp
 29225 | Swamp:1  | Reached skill level 13 in Air Magic
 29356 | Swamp:1  | Noticed a fenstrider witch
 29605 | Swamp:1  | Noticed Nikola
 29776 | Snake:1  | Entered Level 1 of the Snake Pit
 29986 | Snake:1  | Reached skill level 14 in Air Magic
 30444 | Snake:1  | Reached XP level 17. HP: 112/112 MP: 26/29
 31646 | Snake:2  | Found Muasch's Distillery.
 31662 | Snake:2  | Bought a potion of brilliance for 44 gold pieces
 31662 | Snake:2  | Bought a potion of magic for 88 gold pieces
 31662 | Snake:2  | Bought a potion of enlightenment for 55 gold pieces
 31950 | Snake:3  | Noticed Asterion
 32232 | Snake:3  | Noticed Mlioglotl
 32238 | Snake:3  | Killed Mlioglotl
 32239 | Snake:3  | Reached skill level 15 in Air Magic
 32882 | Snake:3  | Noticed Vashnia
 32985 | Snake:3  | Reached skill level 16 in Air Magic
 33208 | Snake:3  | Found Gotwit's Self-Improvement Boutique.
 33624 | Snake:3  | Found Decouho's Tiny Tomes.
 33763 | Snake:3  | Found Hijawet's Antique Armour Shop.
 33773 | Snake:3  | Reached skill level 17 in Air Magic
 34414 | Snake:3  | Killed Vashnia
 34566 | Snake:3  | Found Basu Zis's Magic Scroll Shop.
 34570 | Snake:3  | Bought a scroll of blinking for 90 gold pieces
 34570 | Snake:3  | Bought a scroll of blinking for 90 gold pieces
 34570 | Snake:3  | Bought a scroll of fog for 48 gold pieces
 34570 | Snake:3  | Bought a scroll of poison for 48 gold pieces
 34615 | Snake:3  | Killed Asterion
 34704 | Snake:3  | Reached XP level 18. HP: 118/118 MP: 31/31
 34827 | Snake:4  | Entered Level 4 of the Snake Pit
 34827 | Snake:4  | Noticed Aizul
 34833 | Snake:4  | Killed Aizul
 35115 | Snake:4  | Found a transporter.
 35118 | Snake:4  | Found a transporter.
 35122 | Snake:4  | Noticed GordonOverkill's ghost (adept DsDe)
 35624 | Snake:4  | Reached skill level 18 in Air Magic
 36906 | Snake:4  | Reached skill level 19 in Air Magic
 37363 | Snake:4  | Reached skill level 10 in Fighting
 38196 | Snake:4  | Got a serpentine rune of Zot
 38598 | Vaults:1 | Entered Level 1 of the Vaults
 38774 | Vaults:1 | Reached XP level 19. HP: 131/131 MP: 14/32
 39712 | Vaults:1 | Identified the +4 scale mail of Altruism {Rampage rElec
                  | rF+++ Dex-5}
 41574 | Vaults:2 | Reached skill level 20 in Air Magic
 41943 | Vaults:2 | Reached XP level 20. HP: 143/143 MP: 11/33
 42294 | Vaults:2 | Reached skill level 21 in Air Magic
 42442 | Vaults:2 | Noticed Sojobo
 42599 | Vaults:2 | Killed Sojobo
 42756 | Vaults:2 | Reached skill level 10 in Spellcasting
 43910 | Vaults:3 | Found a staircase to the Crypt.
 43910 | Vaults:3 | Found a basalt altar of Yredelemnul.
 43911 | Vaults:3 | Found an ancient bone altar of Kikubaaqudgha.
 44231 | Vaults:3 | Learned a level 8 spell: Maxwell's Capacitive Coupling
 44384 | Vaults:3 | Reached XP level 21. HP: 148/148 MP: 15/37
 45167 | Vaults:4 | Found a runed translucent door.
 45650 | Vaults:4 | Found a magical portal.
 45655 | WizLab   | Entered Doroklohe's Tomb
 45761 | Vaults:4 | Identified the +12 arbalest of the Hidden Vale {penet,
                  | Contam rElec Will++}
 45817 | Vaults:4 | Reached skill level 10 in Dodging
 46916 | Vaults:4 | Upgraded the game from 0.31-a0-832-g3a2c1c66ba to
                  | 0.31-a0-835-g2a3a5bc3be
 47220 | D:1      | Bought a scroll of fog for 40 gold pieces
 47220 | D:1      | Bought 2 scrolls of enchant armour for 150 gold pieces
 47220 | D:1      | Bought a scroll of amnesia for 40 gold pieces
 47220 | D:1      | Bought a scroll of fear for 40 gold pieces
 47220 | D:1      | Bought a scroll of amnesia for 40 gold pieces
 47282 | D:2      | Bought a potion of resistance for 250 gold pieces
 47282 | D:2      | Bought a scroll of teleportation for 75 gold pieces
 47282 | D:2      | Bought 2 murky clear potions for 45 gold pieces
 47282 | D:2      | Bought a potion of haste for 250 gold pieces
 47385 | D:6      | Bought the ring "Qead" {rF+ MP+9 Str-4 Int+6 Dex+3} for 868
                  | gold pieces
 47545 | Elf:1    | Entered Level 1 of the Elven Halls
 48362 | Elf:1    | Found a runed translucent door.
 48363 | Elf:1    | Found a shimmering altar of Xom.
 48363 | Elf:1    | Noticed Loit's ghost (adept GrFi)
 48815 | Elf:1    | Reached XP level 22. HP: 154/154 MP: 13/40
 48931 | Elf:1    | Found a runed translucent gate.
 48931 | Elf:1    | Found a runed translucent gate.
 48931 | Elf:1    | Found a runed translucent gate.
 48931 | Elf:1    | Found a runed translucent gate.
 48931 | Elf:1    | Found a runed translucent gate.
 48933 | Elf:1    | Found a runed translucent gate.
 49019 | Elf:1    | Paralysed by an air elemental for 1 turns
 49847 | Elf:2    | Found a runed translucent gate.
 49848 | Elf:2    | Found a runed translucent gate.
 49848 | Elf:2    | Found a runed translucent gate.
 50078 | Elf:2    | Found Orchoefa's Assorted Antiques.
 50119 | Elf:2    | Reached skill level 5 in Shields
 50447 | D:15     | Entered Level 15 of the Dungeon
 50524 | D:15     | Found an opulent altar of Gozag.
 50720 | D:15     | Found Plog's Jewellery Shoppe.
 51324 | D:15     | Found a staircase to the Depths.
 51725 | Swamp:1  | Killed Nikola
 52085 | Swamp:1  | You are sucked into a shaft and drop 1 floor!
 52300 | Swamp:2  | Noticed Donald
 52301 | Swamp:2  | Killed Donald
 52462 | Swamp:2  | Identified a scroll of acquirement
 52463 | Swamp:2  | Acquired 951 gold pieces
 54189 | Swamp:4  | Entered Level 4 of the Swamp
 54469 | Swamp:4  | Reached XP level 23. HP: 160/160 MP: 20/41
 54579 | Swamp:4  | Reached skill level 1 in Invocations
 54891 | Swamp:4  | Got a decaying rune of Zot
 55495 | Depths:1 | Entered Level 1 of the Depths
 55611 | Depths:1 | Noticed Mara
 55706 | Depths:1 | Noticed Mara
 55725 | Depths:1 | Noticed Mindmass's illusion
 56049 | Depths:1 | Acquired 982 gold pieces
 56202 | Depths:1 | Found a gateway to Hell.
 56237 | Depths:1 | Identified the +0 ring mail "Ryih" {rF+ rC+ Dex+4}
 56407 | Depths:1 | Found a glowing golden altar of the Shining One.
 56429 | Depths:1 | Killed Mara
 56577 | Depths:2 | Found a transporter.
 56577 | Depths:2 | Found a transporter.
 56805 | Depths:2 | Reached skill level 22 in Air Magic
 57043 | Depths:2 | Identified the +2 leather armour of Limitation {rN+}
 57175 | Depths:2 | Noticed a golden dragon
 57181 | Depths:2 | Killed a golden dragon
 57182 | Depths:2 | Reached skill level 15 in Conjurations
 57332 | Depths:2 | Found a one-way gateway to a ziggurat.
 57477 | Depths:2 | Found a one-way gate to the infinite horrors of the Abyss.
 57507 | Depths:2 | Noticed Vruhak's ghost (veteran TeGl)
 57526 | Depths:2 | Found a transporter.
 57528 | Depths:2 | Identified the +6 great mace of Change {flame, Int+3 Dex+4}
 57530 | Depths:2 | Found a transporter.
 57870 | Depths:2 | Found a portal to a secret trove of treasure.
 57983 | Depths:2 | Found a one-way gate leading to the halls of Pandemonium.
 58722 | Depths:3 | Reached XP level 24. HP: 124/166 MP: 24/41
 59066 | Depths:3 | Noticed a juggernaut
 59211 | Depths:3 | Killed a juggernaut
 59448 | Depths:3 | Noticed a caustic shrike
 59453 | Depths:3 | Killed a caustic shrike
 59495 | Depths:3 | Identified the +8 long sword "Oddiufre" {heavy, rElec Str+3
                  | Int+4 Dex-2}
 59497 | Depths:3 | Noticed a caustic shrike
 59955 | Depths:3 | Killed a caustic shrike
 60008 | Depths:3 | Noticed a golden dragon
 60012 | Depths:3 | Killed a golden dragon
 60234 | Depths:3 | Found a white marble altar of Elyvilon.
 60352 | Depths:3 | Noticed Parghit
 60361 | Depths:3 | Killed Parghit
 60475 | Depths:3 | Acquired 983 gold pieces
 60784 | Depths:3 | Found a runed translucent gate.
 60784 | Depths:3 | Found a runed translucent gate.
 60784 | Depths:3 | Found a runed translucent gate.
 60784 | Depths:3 | Noticed Joepramp's ghost (veteran DjFE)
 60786 | Depths:3 | Found a basalt altar of Yredelemnul.
 61421 | D:11     | Killed Uckausch's ghost
 61676 | Lair:4   | Killed Mindmass's ghost
 61783 | Slime:1  | Entered Level 1 of the Pits of Slime
 62548 | Lair:5   | Entered Level 5 of the Lair of Beasts
 63727 | Lair:5   | Found a runed translucent door.
 64320 | Lair:5   | Reached XP level 25. HP: 171/171 MP: 41/41
 64993 | Slime:2  | Reached skill level 23 in Air Magic
 65660 | Slime:2  | Found a viscous altar of Jiyva.
 66158 | Slime:4  | Noticed Dissolution
 66166 | Slime:4  | Paralysed by a floating eye for 2 turns
 66468 | Slime:3  | Killed Dissolution
 67067 | Slime:5  | Entered Level 5 of the Pits of Slime
 67112 | Slime:5  | Noticed the Royal Jelly
 67325 | Slime:5  | Killed the Royal Jelly
 67349 | Slime:5  | Gained mutation: Your magical capacity is low. (-10% MP) [a
                  | shining eye]
 67940 | Slime:5  | Gained mutation: You are vulnerable to heat. (rF-) [a
                  | shining eye]
 68052 | Slime:4  | Lost mutation: Your magical capacity is low. (-10% MP)
                  | [potion of mutation]
 68052 | Slime:4  | Lost mutation: You are vulnerable to heat. (rF-) [potion of
                  | mutation]
 68052 | Slime:4  | Gained mutation: Your mind is acute. (Int +4, Str/Dex -1)
                  | [potion of mutation]
 68052 | Slime:4  | Gained mutation: You sometimes lose your temper in combat.
                  | [potion of mutation]
 68052 | Slime:4  | Gained mutation: You are resistant to electric shocks.
                  | (rElec) [potion of mutation]
 69042 | Slime:5  | Gained mutation: You have hidden genetic defects. [a
                  | shining eye]
 69222 | Slime:5  | Identified the amulet of Toiv {Faith Str+2}
 69230 | Slime:5  | Got a slimy rune of Zot
 69240 | Slime:5  | Identified the +4 chain mail "Ashruawe" {rPois rF+++ Str-3
                  | Int+2}
 69254 | Slime:5  | Identified the +0 flail "Aggeteconn" {drain, Stlth+}
 69265 | Slime:5  | Identified the +8 quarterstaff "Hobrubro" {heavy, Fly rElec
                  | SInv}
 69277 | Slime:5  | Identified the +7 long sword of Midsummer {spect, rF+}
 69299 | Slime:5  | Identified the +7 hand axe "Buyry" {pain, rC+ Dex-4 SInv}
 69317 | Slime:5  | Identified the +1 dire flail "Wayrrar" {vamp, rN+ rCorr}
 70223 | Depths:4 | Entered Level 4 of the Depths
 70873 | Depths:4 | Learned a level 9 spell: Chain Lightning
 70896 | Depths:4 | Found a stormy altar of Qazlal.
 71135 | Depths:4 | Gained mutation: Your spells are a little easier to cast,
                  | but a little less powerful. [hidden defects]
 71966 | Depths:4 | Reached XP level 26. HP: 127/178 MP: 41/41
 72443 | Depths:4 | Found a gate to the Realm of Zot.
 72502 | Depths:4 | Gained mutation: You are frail. (-10% HP) [hidden defects]
 72502 | Depths:4 | Lost mutation: You have hidden genetic defects. [hidden
                  | defects expressed]
 72714 | Zot:1    | Entered Level 1 of the Realm of Zot
 73534 | Zot:1    | Identified the +1 pair of boots of Teryvel {rElec rPois rC+
                  | Regen+}
 74928 | Zot:2    | Reached skill level 24 in Air Magic
 75086 | Zot:2    | Noticed an orb of fire
 75101 | Zot:2    | Killed an orb of fire
 75789 | Zot:2    | Noticed a curse toe
 75793 | Zot:2    | Killed a curse toe
 75794 | Zot:2    | Reached XP level 27. HP: 163/163 MP: 15/41
 75927 | Zot:2    | Reached skill level 25 in Air Magic
 77284 | Zot:3    | Found a runed translucent door.
 77284 | Zot:3    | Noticed Kapop's ghost (legendary GrMo)
 77792 | Zot:4    | Found a transporter.
 77803 | Zot:4    | Noticed Ryuz's ghost (legendary MeVM)
 77812 | Zot:4    | Found a transporter.
 77824 | Zot:4    | Noticed Beshis's ghost (legendary FoHu)
 77840 | Zot:4    | Noticed an orb of fire
 77848 | Zot:4    | Reached skill level 26 in Air Magic
 78998 | Zot:4    | Reached skill level 27 in Air Magic
 79668 | Snake:3  | Bought the +2 shield of Resistance {rF++ rC++ Will++} for
                  | 2467 gold pieces
 79668 | Snake:3  | Found the +2 shield of Resistance {rF++ rC++ Will++}
 79668 | Snake:3  | Bought a glowing robe for 129 gold pieces
 80433 | Zot:4    | Reached skill level 10 in Shields
 80596 | Zot:4    | Learned a level 3 spell: Swiftness
 80690 | Zot:5    | Entered Level 5 of the Realm of Zot
 80714 | Zot:5    | Noticed schaIuck's ghost (master GrEE)
 81022 | Zot:5    | Found a runed translucent door.
 81250 | Zot:5    | Identified the staff "Gadibuel" {*Slow rF+ rC+ Str+3 Ice}
 81488 | Zot:5    | Noticed a Killer Klown
 81497 | Zot:5    | Killed a Killer Klown
 81591 | Zot:5    | Noticed an ancient lich
 81602 | Zot:5    | Killed an ancient lich
 81603 | Zot:5    | Noticed an orb of fire
 81605 | Zot:5    | Noticed an orb of fire
 81607 | Zot:5    | Killed an orb of fire
 81611 | Zot:5    | Killed an orb of fire
 81657 | Zot:4    | Lost mutation: You sometimes lose your temper in combat.
                  | [potion of mutation]
 81657 | Zot:4    | Lost mutation: You are resistant to electric shocks.
                  | (rElec) [potion of mutation]
 81657 | Zot:4    | Gained mutation: You have large cloven feet. [potion of
                  | mutation]
 81657 | Zot:4    | Gained mutation: Potions are less effective at restoring
                  | your health. [potion of mutation]
 81657 | Zot:4    | Gained mutation: You occasionally shout uncontrollably at
                  | your foes. [potion of mutation]
 81714 | Zot:5    | Noticed a Killer Klown
 81735 | Zot:5    | Killed a Killer Klown
 81802 | Zot:5    | Noticed a Killer Klown
 81806 | Zot:5    | Killed a Killer Klown
 81849 | Zot:5    | Noticed an ancient lich
 81853 | Zot:5    | Killed an ancient lich
 81877 | Zot:5    | Noticed a Killer Klown
 81881 | Zot:5    | Killed a Killer Klown
 81936 | Zot:5    | Noticed a dread lich
 81939 | Zot:5    | Killed a dread lich
 81941 | Zot:5    | Noticed a Killer Klown
 81942 | Zot:5    | Noticed a Killer Klown
 81955 | Zot:5    | Killed a Killer Klown
 81960 | Zot:5    | Killed a Killer Klown
 82006 | Zot:5    | Noticed a dread lich
 82044 | Zot:5    | Killed a dread lich
 82275 | Zot:5    | Reached skill level 15 in Shields
 82376 | Zot:5    | Noticed a dread lich
 82381 | Zot:5    | Killed a dread lich
 82560 | Zot:5    | Noticed a Killer Klown
 82565 | Zot:5    | Killed a Killer Klown
 82578 | Zot:5    | Noticed a Killer Klown
 82588 | Zot:5    | Killed a Killer Klown
 82803 | Zot:5    | Noticed a Killer Klown
 82809 | Zot:5    | Killed a Killer Klown
 82827 | Zot:5    | Noticed an orb of fire
 82832 | Zot:5    | Killed an orb of fire
 82947 | Zot:5    | Noticed a Killer Klown
 82951 | Zot:5    | Killed a Killer Klown
 82983 | Zot:5    | Noticed a Killer Klown
 82991 | Zot:5    | Killed a Killer Klown
 83414 | Zot:5    | Got the Orb of Zot
 83476 | Zot:2    | Noticed Giet the pandemonium lord
 83706 | D:15     | Noticed Musm the pandemonium lord
 83979 | D:7      | Gained mutation: You occasionally lose the ability to drink
                  | potions when taking damage. [a cacodemon]
 84179 | D:$      | Escaped with the Orb!

Illustrated notes

Levels and vault maps discovered:
D:1:      dpeg_arrival_rooms_a, layout_loops_ring, serial_shops,
          nicolae_square_shop, nicolae_shop_crystal,
          nicolae_shop_tiny_statue_garden, nrook_campfire, minmay_cupped
D:2:      layout_loops_ring, serial_shops, shop, grunt_decor_fettered,
          minmay_octomino_c4
D:3:      layout_rooms, basic_ecumenical_altar
D:4:      layout_rooms, nicolae_dithmenos_the_darkroom, minitemple,
          nicolae_half_adder
D:5:      layout_loops_cross, mainiacjoe_overflow_six_doors_small,
          mainiacjoe_overflow_alcove_1, general_overflow_altar,
          chequers_temple_overflow_statue_of_worship
D:6:      layout_basic, cheibrodos_ashenzari_chains,
          nicolae_shop_distant_corner_stores, minivault_23, grunt_decor_junction
D:7:      layout_basic, minmay_temple_entry_purple_smoke, enter_bailey_2,
          serial_bayou_lagoon_b, uniq_menkaure
D:8:      nzn_winding_woodlands_cross [nzn_winding_woodlands_5x15_eye,
          nzn_winding_woodlands_5x15_sidewinder,
          nzn_winding_woodlands_5x15_split_checker,
          nzn_winding_woodlands_5x15_sawtooth,
          nzn_winding_woodlands_15x15_boxy_spiral], layout_rooms,
          david_lair_shrubbed, nicolae_transporter_circle, uniq_jeremiah,
          uniq_pikel, uniq_prince_ribbit1, uniq_erica
D:9:      gammafunk_the_bubble [the_bubble_gammafunk_split],
          layout_loops_corners, serial_shops, shop, uniq_maggie, uniq_amaemon,
          uniq_maurice
D:10:     layout_basic, minmay_door_square, minmay_curled_crystal
D:11:     layout_loops_ring, orc_0_dummy, ebering_ghost_funeral_grove,
          uniq_josephine
D:12:     layout_long_grid, uniq_sonja, uniq_psyche, uniq_rupert
D:13:     layout_roguey, hangedman_vaults_entry_quadrant_bands,
          kennysheep_generic_room_3, uniq_jorgrun
D:14:     layout_stronghold, serial_ice, serial_ice_c, serial_ice_g,
          serial_ice_k, serial_ice_d, serial_ice_f,
          portal_ice_cave_entry_frozen_things, infiniplex_staircase_x,
          chequers_serial_rivers_micro_d, nicolae_specific_store, led_sif_book
D:15:     grunt_enter_depths_hoard, layout_irregular_city, serial_shops,
          nicolae_shop_peninsula, grunt_decor_mini_mirrors,
          nicolae_gozag_cash_rules_everything_around_me
Lair:1:   layout_cave_pods, grunt_megastairs_4, lemuel_fruit_tree,
          serial_bayou_shore_b, uniq_nergalle
Lair:2:   layout_cave_shapes, nicolae_snake_entry_squirm, basic_altar,
          lemuel_fruit_fields, uniq_gastronok
Lair:3:   layout_hall_layers, skrybe_swamp_entry_bodies, lemuel_fruit_fields,
          serial_bayou_shore_b
Lair:4:   layout_cellular_growth, dpeg_slime_entry_corner,
          gammafunk_ghost_necromancy, cheibrodos_lair_reptile_den,
          infiniplex_staircase_pool_2, grunt_megastairs_1
Lair:5:   wormcave, layout_regular_city, grunt_megastairs_5,
          serial_bayou_shore_a, infiniplex_staircase_pool
Swamp:1:  layout_basic_swamp, nicolae_swamp_big_swirl, uniq_nikola
Swamp:2:  layout_basic_swamp, evilmike_swamp_ruin_rubble_2, uniq_donald
Swamp:3:  nicolae_swamp_flooded_prison, layout_falls_marsh,
          nicolae_swamp_tree_designs
Swamp:4:  swamp_fiery, layout_basic_swamp
Snake:1:  layout_rooms
Snake:2:  layout_onion, serial_shops, nicolae_shop_industrial_runoff,
          nicolae_coiled_stairwell_up
Snake:3:  layout_basic, nicolae_shop_i_like_small_books_too,
          nicolae_shop_self_help, minmay_shop_star, uniq_mlioglotl,
          uniq_vashnia, uniq_asterion
Snake:4:  snake_pit_salamanders_mu, layout_cave_town, gammafunk_ghost_arena,
          nicolae_snake_magic_snake_eye, uniq_aizul
Slime:1:  layout_caves
Slime:2:  layout_caves, basic_altar
Slime:3:  layout_caves
Slime:4:  layout_caves, uniq_dissolution
Slime:5:  slime_pit_nicolae_jellycorners
Orc:1:    layout_diamond_mine, basic_altar
Orc:2:    st_orc_pillars, layout_diamond_mine, serial_shops, shop_scrolls
Elf:1:    kennysheep_blocky_room, layout_loops_ring, ebering_ghost_xom,
          orc_legates, grunt_ministairs_7
Elf:2:    nicolae_elf_blades_crystal_corner, layout_loops_ring, serial_shops,
          shop, uniq_saint_roka, uniq_norris
Vaults:1: grunt_vaults_bifocal, nicolae_vaults_mitosis,
          vaults_room_guarded_vault, ontoclasm_vaults_pinch,
          nicolae_vaults_weapon_check, nicolae_vaults_closet_pinwheel_2,
          hangedman_vaults_maws, vaults_room_grunt_arrival_ludios,
          nicolae_vaults_mini_display_case, layout_vaults_omnigrid
Vaults:2: grunt_vaults_funnel, nicolae_vaults_diamond_2,
          nicolae_vaults_stepped_doors, nicolae_vaults_stairing_the_circle,
          vaults_dpeg_spiral, v_misc_9, nicolae_vaults_border_crossing,
          nicolae_vaults_double_plus_1, v_pattern_3, vaults_dpeg_hooks,
          nicolae_vaults_tetromino_Z_1, layout_vaults_big_room, uniq_sojobo
Vaults:3: v_misc_12, v_misc_5, nicolae_vaults_big_ls, nicolae_vaults_what_the_h,
          hangedman_vaults_capsules, vaults_standard_mumra_x,
          minmay_crypt_entry_necro_gods, nicolae_vaults_asterisk,
          ontoclasm_vaults_fault, grunt_vaults_diagonal, layout_vaults_ring,
          uniq_margery
Vaults:4: mu_enter_wizlab_2, hangedman_vaults_variations,
          nicolae_vaults_yaktaur_gun_rack, nicolae_vaults_storage_room_glass,
          nicolae_vaults_twisting_passages, nicolae_vaults_network_barrier,
          nicolae_vaults_ninety_degrees, v_rooms_2, nicolae_vaults_oozy_zoo,
          vaults_room_large_hall, nicolae_vaults_house_2,
          nicolae_vaults_little_ls, ontoclasm_vaults_ring_large,
          layout_vaults_omnibox
Depths:1: layout_cave_pools, hellmouth_1, st_stairs_7, tso_altar, uniq_mara
Depths:2: minmay_blocking_statues, layout_cave_pools, enter_ziggurat_b,
          abyss_entry_crystal, enter_trove_6, minmay_misc_feat_plants,
          gammafunk_ghost_smash, hangedman_tar_grid_catacomb,
          grunt_pan_entry_sceptre, nicolae_diode_stairs
Depths:3: minmay_central_circle, layout_cave_pools, basic_altar, hell_entry,
          abyss_entry, corexii_hall_statues_t, grunt_decor_arrowhead,
          nicolae_yredelemnul_ghost_church, infiniplex_staircase_door_maze,
          uniq_parghit
Depths:4: grunt_zot_entry_bicorn, layout_small_grid, grunt_hell_entry_dis_old,
          abyss_entry, rand_demon_pan_entry_7, nicolae_qazlal_style_of_elements
Zot:1:    layout_cellular_growth, hangedman_zot_decor_scrapings
Zot:2:    lemuel_halls_of_wrath, layout_concentric_octagons,
          amethyst_zot_foddershock
Zot:3:    layout_basic, ebering_ghost_inner_flame, skrybe_zot_glass_1
Zot:4:    kennysheep_bubbly, layout_misc_corridors, nzn_ghost_randoct,
          grunt_ministairs_15, hangedman_zot_spectrum
Zot:5:    layout_twisted_circle, hellmonk_ghost_big_iron

Skill      XL: |  1  2  3  4  5  6  7  8  9 10 11 12 13 14 15 16 17 18 19 20 21 22 23 24 25 26 27 |
---------------+----------------------------------------------------------------------------------+-----
Spellcasting   | 3 4 7 8 9 12 14 | 14.0
Conjurations   | 5 7 8 9 11 14 16 19 22 23 | 23.0
Hexes          | 4 |  4.0
Translocations | 3 4 |  4.0
Shields        | 3 9 18 | 18.0
Armour         | 2 4 5 9 |  9.0
Dodging        | 4 9 13 14 | 14.0
Fighting       | 4 7 9 11 14 | 14.0
Fire Magic     | 9 13 14 | 14.0
Air Magic      | 9 14 17 19 20 21 22 23 24 27 | 27.0
Invocations    | 4 |  4.0
Stealth        | |  2.0

Action                     |  1- 3 |  4- 6 |  7- 9 | 10-12 | 13-15 | 16-18 | 19-21 | 22-24 | 25-27 || total
---------------------------+-------+-------+-------+-------+-------+-------+-------+-------+-------++-------
  Melee: Unarmed           |    13 |       |       |       |       |       |       |       |       ||    13
         Dagger            |       |       |     6 |       |       |       |       |       |       ||     6
         Halberd           |       |       |       |    33 |     2 |       |       |       |       ||    35
         Staff             |       |       |       |       |       |       |       |       |     4 ||     4
   Cast: Magic Dart        |    72 |   111 |    82 |   112 |   165 |    64 |     7 |     5 |     1 ||   619
         Searing Ray       |     3 |    32 |    40 |    58 |   145 |    39 |    12 |     5 |     8 ||   342
         Fulminant Prism   |       |       |     6 |    55 |   194 |    99 |    39 |    58 |    35 ||   486
         Iskenderun's Myst |       |       |     3 |    13 |    45 |    16 |    10 |    23 |    22 ||   132
         Starburst         |       |       |       |       |    38 |     9 |     4 |    31 |    43 ||   125
         Plasma Beam       |       |       |       |       |       |   441 |   437 |   553 |   464 ||  1895
         Maxwell's Capacit |       |       |       |       |       |       |       |    20 |   186 ||   206
         Chain Lightning   |       |       |       |       |       |       |       |       |    23 ||    23
         Swiftness         |       |       |       |       |       |       |       |       |     1 ||     1
 Invoke: Recall Ancestor   |       |       |     1 |       |     1 |     8 |     2 |     9 |    24 ||    45
         Ancestor Life: Kn |       |       |     1 |       |       |       |       |       |       ||     1
         Transference      |       |       |       |       |       |       |       |     2 |     1 ||     3
         Idealise          |       |       |       |       |       |       |       |     1 |     1 ||     2
  Evoke: Phantom mirror    |       |       |       |       |     1 |       |       |       |       ||     1
    Use: Scroll            |       |     6 |    13 |     2 |     7 |     6 |     3 |    12 |    14 ||    63
         Potion            |       |       |       |       |     2 |     3 |     1 |     1 |    17 ||    24
 Armour: Robe              |    44 |    27 |    58 |    25 |       |   106 |    21 |   143 |   402 ||   826
         Steam dragon scal |       |       |       |    25 |   164 |    36 |    58 |       |       ||   283
  Dodge: Dodged            |    59 |    25 |    59 |    39 |   154 |    86 |    42 |    97 |   215 ||   776
  Block: Buckler           |       |       |       |       |       |       |       |    41 |    96 ||   137
         Reflection        |       |       |       |       |       |       |       |     1 |     1 ||     2
         Kite shield       |       |       |       |       |       |       |       |       |    27 ||    27

Table legend: (Time is in decaauts)
 A = Elapsed time spent in this place.
 B = Non-inter-level travel time spent in this place.
 C = Inter-level travel time spent in this place.
 D = Time resting spent in this place.
 E = Time spent auto-exploring this place.
 F = Levels seen in this place.
 G = Mean time per level.
                   A        B        C        D        E       F      G
               +--------+--------+--------+--------+--------+-----+--------+
         Total |  84443 |  75693 |   8750 |  29261 |  28736 |  52 | 1623.9 |
       Dungeon |  24593 |  20490 |   4103 |   6005 |  10682 |  15 | 1639.5 |
          Lair |   9764 |   8495 |   1269 |   3210 |   3895 |   5 | 1952.8 |
         Swamp |   3533 |   3379 |    154 |    963 |   1778 |   4 |  883.2 |
     Snake Pit |   8545 |   7815 |    730 |   3926 |    750 |   4 | 2136.2 |
    Slime Pits |   5416 |   5133 |    283 |   2913 |   1584 |   5 | 1083.2 |
  Orcish Mines |   2255 |   2068 |    187 |    561 |   1078 |   2 | 1127.5 |
   Elven Halls |   2792 |   2710 |     82 |   1140 |    501 |   2 | 1396.0 |
        Vaults |   8386 |   7945 |    441 |   2996 |   3259 |   4 | 2096.5 |
        Depths |   8509 |   7665 |    844 |   4038 |   1807 |   4 | 2127.2 |
           Zot |   9617 |   8963 |    654 |   3081 |   3252 |   5 | 1923.4 |
      Ice Cave |   1022 |   1022 |      0 |    426 |    150 |   1 | 1022.0 |
        Wizlab |      5 |      5 |      0 |      0 |      0 |   1 |    5.0 |
               +--------+--------+--------+--------+--------+-----+--------+

Top non-repeatable levels by time:
     D:8: 3409 daAuts
 Snake:4: 2977 daAuts
Vaults:1: 2940 daAuts
Depths:2: 2773 daAuts
   Zot:2: 2442 daAuts
 Snake:3: 2436 daAuts
   Zot:5: 2431 daAuts
  Lair:4: 2425 daAuts
Depths:4: 2309 daAuts
 Snake:2: 2215 daAuts
     D:9: 2203 daAuts
  Lair:2: 2154 daAuts
Depths:3: 2153 daAuts
Vaults:2: 2025 daAuts
  Lair:5: 1882 daAuts
